 Dungeon Crawl Stone Soup version 0.27-a0-1597-ge58577e147 (webtiles) character file.

Game seed: 983976957325354900

117 Blejac999 the Cutter (level 5, -3/49 HPs)
             Began as a Kobold Berserker on July 21, 2021.
             Was a Believer of Trog.
             Slain by an orc (9 damage)
             ... while paralysed by Grinder
             ... on level 3 of the Dungeon.
             The game lasted 00:02:00 (2791 turns).

Blejac999 the Cutter (Kobold Berserker)             Turns: 2791, Time: 00:02:01

Health: -3/49      AC:  2    Str: 15    XL:     5   Next: 22%
Magic:  5/5        EV:  3    Int:  8    God:    Trog [**....]
Gold:   157        SH:  0    Dex: 15    Spells: 4/4 levels left

rFire    . . .     SeeInvis .   d - +0 dagger (speed)
rCold    . . .     Faith    .   (shield restricted)
rNeg     . . .     Spirit   .   b - +0 animal skin
rPois    .         Reflect  .   (no helmet)
rElec    .         Harm     .   (no cloak)
rCorr    .         Rampage  .   (no gloves)
Will     .....                  (no boots)
Stlth    ..........             (no amulet)
HPRegen  0.16/turn              (no ring)
MPRegen  0.09/turn              (no ring)

@: paralysed, berserking
A: small, no large weapons, nightstalker 3
a: Renounce Religion, Berserk, Trog's Hand


You were on level 3 of the Dungeon.
You worshipped Trog.
Trog was pleased with you.
You visited 1 branch of the dungeon, and saw 3 of its levels.

You collected 157 gold pieces.

Inventory:

Hand Weapons
 d - a +0 dagger of speed (weapon)
Armour
 b - a +0 animal skin (worn)
Jewellery
 c - a ring of see invisible


   Skills:
 + Level 4.2 Fighting
 + Level 5.2 Short Blades
 + Level 1.8 Armour
 + Level 3.0 Dodging
 + Level 2.9 Stealth


You had 4 spell levels left.
You didn't know any spells.
Your spell library was empty.

Dungeon Overview and Level Annotations

Branches:
Dungeon (3/15)

Altars:
Dithmenos
Hepliaklqana
Xom
The Shining One

Annotations:
D:3 Grinder


Innate Abilities, Weirdness & Mutations

You are small and have problems with some larger weapons.
You are completely attuned to the shadows.


Message History

There is an open door here.
A worm and Grinder come into view.
Found a dagger.
A kobold comes into view.
It is wielding a +0 short sword and quivering poisoned darts.
An orc comes into view.
It is wielding a +0 flail. 2 orcs come into view.
The orc shouts! x3; Grinder shouts!
The orc hits you with a +0 flail. Grinder closely misses you.
You hit Grinder.
Grinder is lightly wounded.
You hit Grinder but do no damage.
Grinder is lightly wounded.
Grinder closely misses you. The orc hits you with a +0 flail.
The kobold closely misses you.
You barely miss Grinder.
Grinder is lightly wounded.
A red film seems to cover your vision as you go berserk!
You feel yourself moving faster!
You feel mighty! The orc hits you with a +0 flail. Grinder misses you.
The kobold closely misses you.
You puncture Grinder!
Grinder is moderately wounded.
You closely miss Grinder.
Grinder is moderately wounded.
The orc barely misses you. Grinder gestures at you.
You suddenly lose the ability to move!
The kobold hits you but does no damage. The orc hits you with a +0 mace.
The orc hits you with a +0 flail. x2
Grinder completely misses you.
The kobold hits you with a +0 short sword.
The orc hits you with a +0 mace. The orc hits you with a +0 flail. x2
Grinder hits you!
* * * LOW HITPOINT WARNING * * *
You writhe in agony.
* * * LOW HITPOINT WARNING * * *
The kobold barely misses you. The orc hits you with a +0 mace.
* * * LOW HITPOINT WARNING * * *
The orc hits you with a +0 flail!
You die...

._####### ..8#....#
.... ._#####.# ..).
#.#####.#########....
###..................
.######.########.....
.### #...............
...# #..........w...#
##.# #.........K@o..#
##.# #.........oo5..#
.#.###......####....#
........... ...###
.#.#.#....# ##.#
.#.#.......
##.####...# .#.. ..##


You could see Grinder, a worm, 3 orcs and a kobold.

Vanquished Creatures
  An orc priest (D:2)
  Jessica (D:3)
  A worm (D:3)
  3 dart slugs
  3 orcs (D:2)
  5 bats
  5 endoplasms
  2 giant cockroaches
  A goblin (D:1)
  2 hobgoblins
  12 jackals
  2 quokkas
  A ball python (D:1)
  A frilled lizard (D:1)
  3 rats
43 creatures vanquished.

Vanquished Creatures (others)
  3 toadstools (D:1)
3 creatures vanquished.

Grand Total: 46 creatures vanquished

Notes
Turn   | Place    | Note
-------+----------+-------------------------------------------
     0 | D:1      | Blejac999 the Kobold Berserker began the quest for the Orb.
     0 | D:1      | Reached XP level 1. HP: 14/14 MP: 1/1
    78 | D:1      | HP: 1/21 [jackal (2)]
    84 | D:1      | Reached XP level 2. HP: 1/19 MP: 2/2
   493 | D:1      | Found a faded altar of an unknown god.
   934 | D:1      | Reached skill level 1 in Stealth
  1363 | D:2      | Reached XP level 3. HP: 24/24 MP: 3/3
  1380 | D:2      | Reached XP level 4. HP: 18/29 MP: 4/4
  2000 | D:2      | Found a hazy altar of Hepliaklqana.
  2162 | D:2      | Reached ** piety under Trog
  2618 | D:3      | Reached skill level 5 in Short Blades
  2621 | D:3      | Found a shadowy altar of Dithmenos.
  2649 | D:3      | Noticed Jessica
  2655 | D:3      | Killed Jessica
  2656 | D:3      | Reached XP level 5. HP: 33/33 MP: 5/5
  2733 | D:3      | Found a glowing golden altar of the Shining One.
  2733 | D:3      | Found a shimmering altar of Xom.
  2778 | D:3      | Noticed Grinder
  2788 | D:3      | Paralysed by Grinder for 4 turns
  2791 | D:3      | Slain by an orc

Illustrated notes

Levels and vault maps discovered:
D:1:      dpeg_arrival_yet_another_circle, layout_basic,
          dilly_ecumenical_altar_fadedgnrine, minmay_gold_behind_fungi,
          minmay_statues_item
D:2:      layout_basic, basic_altar, roderic_lattice_a
D:3:      layout_basic, gammafunk_temple_overflow_statue,
          nicolae_dithmenos_shadow_blocks, nicolae_ru_great_annihilating_truth,
          minmay_checkerbox, uniq_jessica, uniq_grinder

Skill      XL: |  1  2  3  4 |
---------------+-------------+-----
Stealth        | 1 2 |  2.9
Fighting       | 4 |  4.2
Short Blades   | 5 |  5.2
Dodging        | 3 |  3.0
Armour         | |  1.8

Action                   |  1- 3 |  4- 6 || total
-------------------------+-------+-------++-------
Melee: Short sword       |    52 |    70 ||   122
       Dagger            |       |     5 ||     5
Invok: Berserk           |     2 |     3 ||     5
  Use: Potion            |     2 |     1 ||     3
       Scroll            |       |     2 ||     2
 Stab: Sleeping          |     8 |     7 ||    15
       Distracted        |       |     1 ||     1
Armor: Animal skin       |     4 |    13 ||    17
Dodge: Dodged            |    44 |    60 ||   104

Table legend: (Time is in decaauts)
 A = Elapsed time spent in this place.
 B = Non-inter-level travel time spent in this place.
 C = Inter-level travel time spent in this place.
 D = Time resting spent in this place.
 E = Time spent auto-exploring this place.
 F = Levels seen in this place.
 G = Mean time per level.
                   A        B        C        D        E       F      G
               +--------+--------+--------+--------+--------+-----+--------+
         Total |   2799 |   2742 |     57 |   1091 |   1423 |   3 |  933.0 |
       Dungeon |   2799 |   2742 |     57 |   1091 |   1423 |   3 |  933.0 |
               +--------+--------+--------+--------+--------+-----+--------+

Top non-repeatable levels by time:
     D:1: 1275 daAuts
     D:2: 1146 daAuts
     D:3: 378 daAuts
